 Dungeon Crawl Stone Soup version 0.30-a0-1094-g860fb061e7 (webtiles) character file.

Game seed: 12659457236022600884

37 Esekla the Sneak (level 3, 26/26 HPs)
             Began as an Octopode Delver on Apr 17, 2023.
             Quit the game on level 5 of the Dungeon.
             The game lasted 00:01:40 (234 turns).

Esekla the Sneak (Octopode Delver)                   Turns: 234, Time: 00:01:41

Health: 26/26      AC:  1    Str: 11    XL:     3   Next: 39%
Magic:  3/3        EV: 13    Int: 14    God:
Gold:   0          SH:  0    Dex: 13    Spells: 3/3 levels left

rFire   . . .      SeeInvis .    a - +0 falchion
rCold   . . .      Faith    .    (no shield)
rNeg    . . .      Spirit   .    (helmet restricted)
rPois   .          Reflect  .    (no amulet)
rElec   .          Rampage  .    (no ring)
rCorr   .                        (no ring)
Will    .....                    (no ring)
Stlth   ++++                     (no ring)
HPRegen 0.24/turn                (no ring)
MPRegen 0.08/turn                (no ring)
                                 (no ring)
                                 (no ring)

@: no status effects
A: almost no armour, amphibious, 8 rings, camouflage 1, gelatinous body 1,
(nimble swimmer 1), tentacles
a: no special abilities


You were on level 5 of the Dungeon.
You visited 1 branch of the dungeon, and saw 1 of its levels.

Inventory:

Hand Weapons
 a - a +0 falchion (weapon)
Wands
 f - a wand of digging (3)
Scrolls
 b - a scroll of fog
 c - a scroll of teleportation {unknown}
 d - a scroll of fear
 g - a scroll of noise {unknown}
 i - a scroll of amnesia {unknown}
Potions
 e - a potion of haste
 h - a potion of ambrosia {unknown}


   Skills:
 * Level 3.2 Fighting
 * Level 2.2 Long Blades
 * Level 2.2 Dodging
 + Level 7.2 Stealth
 * Level 0.6 Spellcasting


You had 3 spell levels left.
You didn't know any spells.
Your spell library was empty.

Dungeon Overview and Level Annotations

Branches:
Dungeon (5/15)
 Temple: D:4-7

Altars:
Ashenzari
Hepliaklqana
Kikubaaqudgha


Innate Abilities, Weirdness & Mutations

You cannot wear most types of armour.
You are amphibious.
You can wear up to eight rings at the same time.
Your skin changes colour to match your surroundings (Stealth+).
Your rubbery body absorbs attacks. (AC +1, EV +1)
((You are camouflaged when in or above water. (Stealth+)))
You have tentacles for arms and can constrict up to eight enemies at once.


Message History

The hound bites you. The hound barely misses you.
You miss the hound. You grab the hound.
The hound is lightly wounded.
You constrict the hound.
The hound stops to sniff the ground.
The hound closely misses you. The hound bites you.
You hit the hound.
The hound is moderately wounded.
You constrict the hound. The hound barely misses you.
You hit the hound.
The hound is almost dead.
You constrict the hound. The hound completely misses you. The hound bites you.
* * * LOW HITPOINT WARNING * * *
You barely miss the hound.
The hound is almost dead.
You constrict the hound.
You kill the hound!
Your Stealth skill increases to level 7!
You have reached level 2!
You have reached level 3!
Your experience leads to an increase in your attributes!
Increase (S)trength, (I)ntelligence, or (D)exterity?
You feel clever. x2
You start resting.
HP restored.
Found a scroll labelled LOOXAOC DEQIT.
c - a scroll labelled VUXAUN ILAYR
g - a scroll labelled LOOXAOC DEQIT An ufetubus comes into view.
Found a blue potion.
The helpless ufetubus fails to defend itself.
You slash the ufetubus!
You kill the ufetubus!
Found a scroll labelled VAISHR TUEMUYNT.
h - a blue potion
i - a scroll labelled VAISHR TUEMUYNT A jelly comes into view.
Found a hazy altar of Hepliaklqana.
Found an ancient bone altar of Kikubaaqudgha.
Are you sure you want to abandon this character and quit the game? (Confirm with "yes".)

#......PP..P..# ******
#.....PP..PP.## **~~~~,
#.....P..PP...# **,*****
*#....P..PP._.# *,**~,,~
#....P..PP...# *,*~~,,,
#....PP..PP.## *,*~,~~,
#.....P.JPP..### *,*~~,,~
##....PP..PP...# **~**~,~~
##....P.@PP.#.#**~*******
####.P..PP.#,,*~**~,,~,,
*** #.P..PP....#~*~~,~,,,
*,* #.PP..PP...#,*~~,~,,,
*,** #..P..PP..##,*~~,~~,,
*,,**##.PP..PP..#+**~,~~,,
*,,,**...PP..P...,,*******
*,,,,.._.PP..P...,***
*,,,,,,,,,,,,,,,,,,,***


You could see a jelly.

Vanquished Creatures
  A hound (D:5)
  An ufetubus (D:5)
2 creatures vanquished.

Notes
Turn   | Place    | Note
-------+----------+-------------------------------------------
     0 | D:5      | Esekla the Octopode Delver began the quest for the Orb.
     0 | D:5      | Reached XP level 1. HP: 16/16 MP: 1/1
    19 | D:5      | Found a broken altar of Ashenzari.
    41 | D:5      | Noticed a hound
    52 | D:5      | Killed a hound
    53 | D:5      | Reached skill level 7 in Stealth
    53 | D:5      | Reached XP level 2. HP: 2/21 MP: 2/2
    53 | D:5      | Reached XP level 3. HP: 3/26 MP: 3/3
   221 | D:5      | Found a hazy altar of Hepliaklqana.
   233 | D:5      | Found an ancient bone altar of Kikubaaqudgha.
   234 | D:5      | Quit the game

Illustrated notes

Levels and vault maps discovered:
D:5:      cheibrodos_two_vegetables, layout_cave_pods,
          mainiacjoe_overflow_surrounded_room,
          mainiacjoe_overflow_catch_the_wave, nrook_campfire,
          grunt_ministairs_14, chequers_serial_rivers_micro_b

Skill      XL: |  1 |
---------------+----+-----
Stealth        | 7 |  7.2
Fighting       | |  3.2
Long Blades    | |  2.2
Dodging        | |  2.2
Spellcasting   | |  0.6

Action                     || total
---------------------------++-------
  Melee: Falchion          ||     6
         Constrict         ||     1
    Use: Scroll            ||     1
   Stab: Sleeping          ||     1
  Dodge: Dodged            ||     4

Table legend: (Time is in decaauts)
 A = Elapsed time spent in this place.
 B = Non-inter-level travel time spent in this place.
 C = Inter-level travel time spent in this place.
 D = Time resting spent in this place.
 E = Time spent auto-exploring this place.
 F = Levels seen in this place.
 G = Mean time per level.
                   A        B        C        D        E       F      G
               +--------+--------+--------+--------+--------+-----+--------+
         Total |    235 |    235 |      0 |     96 |      0 |   1 |  235.0 |
       Dungeon |    235 |    235 |      0 |     96 |      0 |   1 |  235.0 |
               +--------+--------+--------+--------+--------+-----+--------+

Top non-repeatable levels by time:
     D:5: 235 daAuts
